 Dungeon Crawl Stone Soup version 0.26-a0-597-gb535b0901c (webtiles) character file.

Game seed: 15669638842450108680

501 kae the Chopper (level 7, -7/62 HPs)
             Began as a Hill Orc Abyssal Knight on Aug 26, 2020.
             Was a Believer of Lugonu.
             Mangled by an ogre
             ... wielding a +0 giant spiked club
              (30 damage)
             ... on level 4 of the Dungeon.
             The game lasted 00:03:18 (4090 turns).

kae the Chopper (Hill Orc Abyssal Knight)           Turns: 4090, Time: 00:03:19

Health: -7/62      AC:  6    Str: 23    XL:     7   Next: 17%
Magic:  10/10      EV: 15    Int: 12    God:    Lugonu [**....]
Gold:   138        SH:  0    Dex: 10    Spells: 6/6 levels left

rFire    . . .     SeeInvis .   a - +2 hand axe
rCold    . . .     Faith    .   (no shield)
rNeg     . . .     Spirit   .   b - +0 leather armour
rPois    .         Reflect  .   (no helmet)
rElec    .         Harm     .   c - +0 cloak
rCorr    .                      (no gloves)
MR       .....                  d - +1 pair of boots
Stlth    +.........             j - amulet of magic regeneration
HPRegen  0.20/turn              f - +4 ring of evasion
MPRegen  0.37/turn              q - +6 ring of strength

@: no status effects
A: no striking features
a: Depart the Abyss, Bend Space, Renounce Religion


You were on level 4 of the Dungeon.
You worshipped Lugonu.
Lugonu was pleased with you.
You visited 1 branch of the dungeon, and saw 4 of its levels.
You visited the Abyss 1 time.

You collected 138 gold pieces.

Inventory:

Hand Weapons
 a - a +2 hand axe (weapon)
Armour
 b - a +0 leather armour (worn)
 c - a +0 cloak (worn)
 d - a +1 pair of boots (worn)
Jewellery
 f - a +4 ring of evasion (left hand)
 j - an amulet of magic regeneration (around neck)
 m - an uncursed ring of magical power
 q - a +6 ring of strength (right hand)
Scrolls
 g - 2 scrolls of teleportation
 h - 2 scrolls of remove curse
 o - 3 scrolls of identify
Potions
 e - a potion of lignification
 i - 3 potions of flight
 k - a potion of brilliance
 l - 2 potions of haste
 n - a potion of heal wounds
 p - a potion of curing {unknown}
 r - a potion of ambrosia {unknown}


   Skills:
 + Level 5.6 Fighting
 * Level 7.3 Axes
 - Level 2.1 Armour
 - Level 0.7 Dodging
 + Level 5.2 Invocations


You had 6 spell levels left.
You didn't know any spells.
Your spell library was empty.

Dungeon Overview and Level Annotations

Branches:
Dungeon (4/15)
 Temple: D:4-7

Altars:
Sif Muna


Message History

The ogre hits you with a +0 giant spiked club!!
You are too injured to fight recklessly!
You are too injured to fight recklessly!
You are too injured to fight recklessly!
Space bends around you!
You blink.
You aren't carrying any items that you can evoke.
Unknown command.
You are too injured to fight recklessly!
You hit the ogre.
The ogre is heavily wounded.
The ogre misses you.
You barely miss the ogre.
The ogre is heavily wounded.
You slash the ogre!
The ogre is severely wounded.
The ogre hits you with a +0 giant spiked club!
You barely miss the ogre.
The ogre is severely wounded.
The ogre hits you with a +0 giant spiked club!!
You die...

####### #.....#
#)....# #.....#
####.....# #######
.......### #.....#
.......######.....#
...............O@.#
.....#.######.....#
.....#># #.....#
.....#.## #.#####
.....#..# ...#
.....##.# #.###
.....##.###.#
....###.....#
#..≈...≈..≈##


You could see an ogre.

Vanquished Creatures
  Menkaure (D:4)
  A phantom (D:4)
  An orc priest (D:4)
  2 hounds (D:4)
  A centaur skeleton (D:4)
  2 worker ants
  Terence (D:3)
  4 adders
  4 worms
  3 leopard geckos
  3 orcs
  2 giant cockroaches
  6 goblins
  7 hobgoblins
  2 jackals (D:4)
  3 kobolds (D:1)
  A quokka (D:3)
  7 bats
  6 frilled lizards
  A rat (D:3)
58 creatures vanquished.

Notes
Turn   | Place    | Note
-------+----------+-------------------------------------------
     0 | Abyss:1  | kae the Hill Orc Abyssal Knight began the quest for the
                  | Orb.
     0 | Abyss:1  | Reached XP level 1. HP: 19/19 MP: 2/2
    29 | Abyss:1  | Noticed a small abomination
    85 | D:1      | Escaped the Abyss
   400 | D:1      | Reached skill level 3 in Axes
   463 | D:1      | Reached XP level 2. HP: 27/27 MP: 4/4
  1321 | D:2      | Reached XP level 3. HP: 30/33 MP: 5/5
  1551 | D:2      | Reached ** piety under Lugonu
  1551 | D:2      | Reached skill level 4 in Axes
  2023 | D:3      | Noticed Terence
  2030 | D:3      | Reached XP level 4. HP: 39/40 MP: 6/6
  2093 | D:3      | Found a shimmering blue altar of Sif Muna.
  2294 | D:3      | Killed Terence
  2294 | D:3      | Reached skill level 5 in Axes
  2504 | D:3      | Reached XP level 5. HP: 43/47 MP: 7/7
  2950 | D:4      | Noticed Menkaure
  3484 | D:4      | Reached skill level 5 in Fighting
  3484 | D:4      | Reached skill level 6 in Axes
  3484 | D:4      | Reached XP level 6. HP: 47/56 MP: 9/9
  3624 | D:4      | Killed Menkaure
  3655 | D:4      | Noticed a phantom
  3857 | D:4      | Killed a phantom
  3857 | D:4      | Reached skill level 7 in Axes
  3857 | D:4      | Reached skill level 5 in Invocations
  3857 | D:4      | Reached XP level 7. HP: 57/61 MP: 10/10
  4090 | D:4      | Mangled by an ogre

Illustrated notes

Levels and vault maps discovered:
D:1:      giann_horns, layout_loops_ring
D:2:      layout_loops_ring
D:3:      layout_loops_ring, overflow_temple_1_default, uniq_terence
D:4:      layout_rooms, temple_hall, serial_rivers,
          chequers_serial_rivers_small_3, chequers_serial_rivers_micro_b,
          chequers_serial_rivers_small_b, chequers_serial_rivers_small_a,
          chequers_serial_rivers_small_3, chequers_serial_rivers_large_a,
          uniq_menkaure

Skill      XL: |  1  2  3  4  5  6 |
---------------+-------------------+-----
Axes           | 3 4 5 6 7 |  7.3
Fighting       | 4 5 |  5.6
Invocations    | 3 4 5 |  5.2
Armour         | |  2.1
Dodging        | |  0.7

Action                   |  1- 3 |  4- 6 |  7- 9 || total
-------------------------+-------+-------+-------++-------
Melee: Hand axe          |   115 |   131 |    13 ||   259
Invok: Bend Space        |       |       |     1 ||     1
  Use: Scroll            |     6 |     3 |       ||     9
Armor: Leather armour    |    37 |    20 |     6 ||    63
Dodge: Dodged            |    81 |    87 |     2 ||   170

Table legend: (Time is in decaauts)
 A = Elapsed time spent in this place.
 B = Non-inter-level travel time spent in this place.
 C = Inter-level travel time spent in this place.
 D = Time resting spent in this place.
 E = Time spent auto-exploring this place.
 F = Levels seen in this place.
 G = Mean time per level.
                   A        B        C        D        E       F      G
               +--------+--------+--------+--------+--------+-----+--------+
         Total |   4111 |   3960 |    151 |    897 |   2520 |   6 |  685.2 |
       Dungeon |   4026 |   3875 |    151 |    897 |   2459 |   4 | 1006.5 |
         Abyss |     84 |     84 |      0 |      0 |     61 |   2 |   42.0 |
               +--------+--------+--------+--------+--------+-----+--------+

Top non-repeatable levels by time:
     D:3: 1184 daAuts
     D:1: 1025 daAuts
     D:4: 952 daAuts
     D:2: 863 daAuts
 Abyss:1: 44 daAuts
 Abyss:2: 40 daAuts
